 Dungeon Crawl Stone Soup version 0.21.1-1-g345015f (webtiles) character file.

205 Fang the Shield-Bearer (level 5, -3/33 HPs)
             Began as a Gargoyle Fighter on May 8, 2018.
             Slain by a gnoll
             ... wielding a +0 halberd
              (4 damage)
             ... on level 4 of the Dungeon.
             The game lasted 00:02:43 (2691 turns).

Fang the Shield-Bearer (Gargoyle Fighter)           Turns: 2691, Time: 00:02:43

Health: -3/33      AC: 11    Str: 21    XL:     5   Next: 83%
Magic:  5/5        EV:  7    Int:  8    God:
Gold:   172        SH:  9    Dex:  9    Spells: 4/4 levels left

rFire    . . .     SeeInvis .   j - +0 flail (crush)
rCold    . . .     Gourm    .   c - +0 shield
rNeg     + . .     Faith    .   b - +0 scale mail
rPois    ∞         Spirit   .   (no helmet)
rElec    +         Reflect  .   (no cloak)
rCorr    .         Harm     .   (no gloves)
MR       .....                  (no boots)
Stlth    ..........             (no amulet)
HPRegen  0.11/turn              (no ring)
MPRegen  0.09/turn              (no ring)

@: no status effects
A: negative energy resistance 1, electricity resistance, unbreathing,
petrification resistance, rot immunity, AC +4
a: no special abilities


You were on level 4 of the Dungeon.
You were not hungry.

You visited 1 branch of the dungeon, and saw 4 of its levels.

You collected 172 gold pieces.

Inventory:

Hand Weapons
 a - a +0 war axe
 j - a +0 flail of crushing (weapon)
Armour
 b - a +0 scale mail (worn)
 c - a +0 shield (worn)
Jewellery
 o - an uncursed ring of see invisible {unknown}
Scrolls
 k - a scroll of magic mapping
 l - 2 scrolls of blinking {unknown}
 n - a scroll of identify {unknown}
 r - a scroll of immolation {unknown}
Potions
 d - a potion of might
 e - a potion of mutation {unknown}
 g - a potion of degeneration {unknown}
 h - a potion of magic {unknown}
 i - a potion of flight {unknown}
 m - 2 potions of curing {unknown}
 p - a potion of lignification {unknown}
 q - a potion of haste {unknown}
Comestibles
 f - 7 rations


   Skills:
 + Level 4.0 Fighting
 + Level 2.7(2.9) Axes
 + Level 1.6(2.5) Maces & Flails
 + Level 4.0 Armour
 + Level 0.3 Dodging
 * Level 2.5 Stealth
 + Level 4.2 Shields


You had 4 spell levels left.
You didn't know any spells.

Dungeon Overview and Level Annotations

Branches:
Dungeon (4/15)
 Temple: D:4-7

Altars:
Okawaru
Trog

Shops:
D:4 [


Innate Abilities, Weirdness & Mutations

You are resistant to torment.
Your stone body is resilient. (AC +4)
You are immune to poison.
You resist negative energy. (rN+)
You are resistant to electric shocks. (rElec)
You can survive without breathing.
You are immune to petrification.
You are immune to rotting.


Message History

You are too injured to fight recklessly!
You are too injured to fight recklessly!
You are too injured to fight recklessly!
You are too injured to fight recklessly!
You are too injured to fight recklessly!
You are too injured to fight recklessly!
You are too injured to fight recklessly!
You are too injured to fight recklessly!
You are too injured to fight recklessly!
You are too injured to fight recklessly!
Unknown command.
The gnoll hits you but does no damage. The orc closely misses you.
You block the ooze's attack.
You closely miss the gnoll. The gnoll hits you with a halberd!
* * * LOW HITPOINT WARNING * * *
The ooze hits you but does no damage. You block the orc's attack.
You closely miss the gnoll. You block the gnoll's attack.
The ooze hits you but does no damage. You block the orc's attack.
The gnoll hits you with a halberd.
You die...

###......... .###
#........... ...#
#........... ...#
#...######.. #
#..###.).######.. #.
#..##.........+..
#..#+#..##....######..
#....oJ###....# ###
#...g@..(..#### .
############ ##


You could see a gnoll, an ooze and an orc.

Vanquished Creatures
  A jelly (D:4)
  Jessica (D:2)
  Terence (D:2)
  4 adders
  2 gnolls (D:4)
  An ooze (D:3)
  2 worms (D:2)
  2 dart slugs (D:1)
  5 leopard geckos
  2 orcs
  6 bats
  6 giant cockroaches
  3 goblins
  2 hobgoblins
  2 jackals (D:3)
  4 kobolds
  A quokka (D:3)
  2 frilled lizards (D:3)
  5 rats
52 creatures vanquished.

Notes
Turn   | Place    | Note
-------+----------+-------------------------------------------
     0 | D:1      | Fang the Gargoyle Fighter began the quest for the Orb.
     0 | D:1      | Reached XP level 1. HP: 14/14 MP: 1/1
   162 | D:1      | Reached XP level 2. HP: 17/19 MP: 2/2
   693 | D:1      | Reached skill level 1 in Stealth
   951 | D:2      | Reached XP level 3. HP: 24/24 MP: 3/3
  1037 | D:2      | Noticed Terence
  1183 | D:2      | Killed Terence
  1183 | D:2      | Reached XP level 4. HP: 16/29 MP: 4/4
  1321 | D:2      | Noticed Jessica
  1324 | D:2      | Killed Jessica
  1604 | D:2      | Reached XP level 5. HP: 31/33 MP: 5/5
  1688 | D:2      | Found an iron altar of Okawaru.
  2020 | D:3      | Found a faded altar of an unknown god.
  2322 | D:3      | Reached skill level 1 in Maces & Flails
  2325 | D:3      | Found a bloodstained altar of Trog.
  2658 | D:4      | Found Kautsit's Antique Armour Boutique.
  2690 | D:4      | HP: 1/33 [gnoll/halberd (13)]
  2691 | D:4      | Slain by a gnoll

Skill      XL: |  1  2  3  4  5 |
---------------+----------------+-----
Axes           | 2 |  2.7
Stealth        | 1 2 |  2.5
Shields        | 4 |  4.2
Maces & Flails | 1 |  1.6
Armour         | 4 |  4.0
Fighting       | 4 |  4.0
Dodging        | |  0.3

Action                   |  1- 3 |  4- 6 || total
-------------------------+-------+-------++-------
Melee: War axe           |   133 |       ||   133
       Flail             |       |   123 ||   123
  Use: Scroll            |     3 |       ||     3
  Eat: Chunk             |       |     6 ||     6
Armor: Scale mail        |    89 |    76 ||   165
Dodge: Dodged            |    47 |    35 ||    82
Block: Shield            |    89 |    75 ||   164
